 Dungeon Crawl Stone Soup version 0.31-a0-848-gaac375c (webtiles) character file.

Game seed: 12856465485846954625

1856 BarneyGumball the Destroyer (level 8, -2/46 HPs)
             Began as a Deep Elf Conjurer on Oct 4, 2023.
             Was a Believer of Sif Muna.
             Shot with an arrow by a centaur (14 damage)
             ... on level 7 of the Dungeon.
             The game lasted 00:16:58 (8339 turns).

BarneyGumball the Destroyer (Deep Elf Conjurer)     Turns: 8339, Time: 00:16:58

Health: -2/46      AC:  9    Str:  4    XL:     8   Next: 89%
Magic:  3/14       EV: 14    Int: 26    God:    Sif Muna [**....]
Gold:   545        SH:  0    Dex: 13    Spells: 2/13 levels left

rFire   . . .        m - staff of poison
rCold   + . .        (no shield)
rNeg    . . .        E - +0 steam dragon scales
rPois   +            (no helmet)
rElec   .            w - +0 cloak
rCorr   .            s - +1 pair of gloves
SInv    .            (no boots)
Will    .....        (no amulet)
Stlth   ++           h - ring of protection from cold
HPRegen 0.27/turn    B - ring of wizardry
MPRegen 0.14/turn

%: wizardry (x1)
@: no status effects
A: no striking features
a: Renounce Religion, Channel Magic


You were on level 7 of the Dungeon.
You worshipped Sif Muna.
Sif Muna was pleased with you.
You visited 2 branches of the dungeon, and saw 8 of its levels.
You also visited: Ossuary.

You collected 545 gold pieces.

Inventory:

Missiles
 n - 6 poisoned darts
Armour
 a - a +0 robe
 s - a +1 pair of gloves (worn)
 w - a +0 cloak (worn)
 E - +0 steam dragon scales (worn)
Magical Staves
 m - a staff of poison (weapon)
 x - a staff of fire
Jewellery
 h - a ring of protection from cold (left hand)
 y - a ring of flight
 B - a ring of wizardry (right hand)
Wands
 F - a wand of iceblast (13)
Scrolls
 c - 3 scrolls of fear
 d - 3 scrolls of amnesia
 f - 7 scrolls of teleportation
 k - 2 scrolls of noise
 o - a scroll of poison {unknown}
 p - a scroll of acquirement {unknown}
 q - a scroll of enchant armour {unknown}
 r - 3 scrolls of fog
 A - a scroll of revelation {unknown}
Potions
 b - a potion of magic
 e - 4 potions of lignification
 g - 3 potions of heal wounds
 i - a potion of resistance {unknown}
 j - 2 potions of invisibility
 l - 2 potions of attraction
 t - a potion of enlightenment {unknown}
 u - 2 potions of berserk rage
 v - 2 potions of might
 z - a potion of brilliance {unknown}
 C - 4 potions of haste {unknown}
 D - 2 potions of mutation {unknown}


   Skills:
 + Level 3.5 Fighting
 + Level 3.4 Armour
 + Level 5.8 Dodging
 - Level 2.4 Stealth
 - Level 3.0 Spellcasting
 - Level 9.0 Conjurations
 - Level 5.0 Translocations


You had 2 spell levels left.
You knew the following spells:

 Your Spells              Type           Power      Damage    Failure   Level
a - Magic Dart            Conj           100%       1d8       1%          1
b - Searing Ray           Conj           100%       2d8       1%          2
c - Iskenderun's Mystic   Conj/Tloc      40%        2d9       2%          4
d - Fulminant Prism       Conj/Hex       13%        3d8       6%          4

Your spell library contained the following spells:

 Spells                   Type           Power      Damage    Failure   Level
 Dazzling Flash           Conj/Hex       54%        N/A       1%          3


Dungeon Overview and Level Annotations

Branches:
Dungeon (7/15)             Temple (1/1) D:4         Ossuary (visited)

Altars:
Ashenzari
Cheibriados
Dithmenos
Elyvilon
Fedhas
Gozag
Hepliaklqana
Kikubaaqudgha
Makhleb
Nemelex Xobeh
Okawaru
Qazlal
Ru
Sif Muna
Trog
Uskayaw
Vehumet
Wu Jian
Yredelemnul
Zin
The Shining One

Annotations:
D:4 1 runed translucent door, exclusion: door, BarneyGumball's ghost, amateur OpEE
D:6 3 runed translucent doors, exclusion: 3 doors, PurpleRed's ghost, novice DEBe


Message History

The searing ray hits the bullfrog!
The bullfrog is heavily wounded.
A centaur comes into view.
The centaur wields a +0 orcbow.
The centaur shoots an arrow.
The arrow barely misses you.
The searing ray hits the bullfrog!
You kill the bullfrog!
Sif Muna accepts your kill.
The centaur shoots an arrow.
The arrow hits you!
You see here a bullfrog corpse.
Casting: Searing Ray (safe; 1% risk of failure)
Confirm with . or Enter, or press ? or * to list all spells.
Aiming: Fulminant Prism (dangerous; 6% risk of failure)
Press: ? - help, Dir - move target You conjure a prism of explosive energy!
A fulminant prism comes into view.
The centaur shoots an arrow.
The arrow hits you.
Your fulminant prism crackles loudly.
You see here a +1 robe of cold resistance.
The centaur shoots an arrow.
The arrow barely misses you.
The centaur shoots an arrow.
The arrow hits you.
Your fulminant prism explodes!
The centaur shoots an arrow.
The arrow hits you.
Casting: Fulminant Prism (dangerous; 6% risk of failure)
Confirm with . or Enter, or press ? or * to list all spells.
Aiming: Searing Ray (safe; 1% risk of failure)
Press: ? - help, Shift-Dir - straight line, f - centaur
Aim: a centaur, wielding a +0 orcbow (90% to hit)
The searing ray misses the centaur. (Press . to maintain the ray.)
The centaur shoots an arrow.
The arrow misses you.
The centaur shoots an arrow.
The arrow barely misses you.
The searing ray hits the centaur.
The centaur is lightly wounded.
The centaur shoots an arrow.
The arrow hits you!
* * * LOW HITPOINT WARNING * * *
The searing ray hits the centaur!
The centaur is heavily wounded.
The centaur shoots an arrow.
The arrow hits you!
You die...

## ##.## ...
##.#.## #...
##.#.#.## ...
##.#.#.#.## ...
##.#.###.#.## #
##.#.##.##.#.##
##.#.##.#.##.#.##
##.#.##@#.#.##.#.##
#.#.##.#...#
##.#)## #
#.##..![##.# ##.#.#
##### #.#..c#†##
##.#.## ....##
##.#.#.## ##.#.##
.....## ##.#.##
##.#.## ..###.##
##.## ##.#.## ..#
#..## ## ##.#.##
..###...## ##.#.##


You could see a centaur.

Vanquished Creatures
  Maggie (D:7)
  A sky beast (D:7)
  3 black bears
  An ice beast (D:6)
  An ogre (D:6)
  A centaur (D:7)
  A phantom (D:5)
  2 bullfrogs
  2 scorpions
  2 jellies (D:3)
  2 hounds
  A gnoll bouda (D:4)
  An orc priest (D:6)
  2 sleepcaps
  2 iguanas
  An orc wizard (D:6)
  8 mummies (Ossuary)
  5 gnolls (D:4)
  6 adders
  An ufetubus (D:4)
  3 worms
  2 dart slugs
  10 orcs
  8 bats
  15 endoplasms
  8 goblins
  9 hobgoblins
  5 jackals
  5 quokkas
  9 ball pythons
  4 frilled lizards
  4 hobgoblin zombies (Ossuary)
  25 kobolds
  A kobold zombie (Ossuary)
  3 orc zombies (Ossuary)
  7 rats
162 creatures vanquished.

Vanquished Creatures (others)
  7 fulminant prisms (D:7)
7 creatures vanquished.

Grand Total: 169 creatures vanquished

Notes
Turn   | Place    | Note
-------+----------+-------------------------------------------
     0 | D:1      | BarneyGumball the Deep Elf Conjurer began the quest for the
                  | Orb.
     0 | D:1      | Reached XP level 1. HP: 10/10 MP: 6/6
   208 | D:1      | Reached skill level 1 in Translocations
   262 | D:1      | Reached XP level 2. HP: 15/15 MP: 5/8
   294 | D:1      | Learned a level 2 spell: Searing Ray
  1169 | D:2      | Reached skill level 5 in Conjurations
  1169 | D:2      | Reached XP level 3. HP: 19/19 MP: 5/9
  1824 | D:2      | Found a faded altar of an unknown god.
  2003 | D:2      | You fall into a shaft and drop 1 floor!
  2326 | D:3      | Reached XP level 4. HP: 24/24 MP: 3/10
  2550 | D:3      | Reached XP level 5. HP: 28/28 MP: 7/11
  3155 | D:4      | Reached skill level 6 in Conjurations
  3200 | D:4      | Found a runed translucent door.
  3200 | D:4      | Noticed BarneyGumball's ghost (amateur OpEE)
  3206 | D:4      | Learned a level 4 spell: Iskenderun's Mystic Blast
  3457 | D:4      | Reached XP level 6. HP: 30/32 MP: 6/12
  3706 | D:4      | Found a staircase to the Ecumenical Temple.
  3900 | Temple   | Entered the Ecumenical Temple
  3913 | Temple   | Became a worshipper of Sif Muna the Loreminder
  4020 | D:4      | HP: 1/32 [black bear (6)]
  4022 | D:4      | Reached skill level 7 in Conjurations
  4022 | D:4      | Reached skill level 5 in Translocations
  4762 | D:5      | Entered Level 5 of the Dungeon
  5026 | D:5      | Found a sand-covered staircase.
  5032 | Ossuary  | Entered an ossuary
  5135 | Ossuary  | Reached * piety under Sif Muna
  5214 | Ossuary  | Reached XP level 7. HP: 36/36 MP: 3/13
  5654 | D:5      | Reached skill level 8 in Conjurations
  6063 | D:5      | Found an ornate altar of the Wu Jian Council.
  6457 | D:6      | Reached skill level 9 in Conjurations
  6811 | D:6      | Found a runed translucent gate.
  6812 | D:6      | Found a runed translucent gate.
  6812 | D:6      | Noticed PurpleRed's ghost (novice DEBe)
  6813 | D:6      | Found a runed translucent gate.
  6838 | D:6      | Learned a level 4 spell: Fulminant Prism
  6854 | D:6      | Reached skill level 1 in Fighting
  6854 | D:6      | Reached skill level 1 in Armour
  6945 | D:6      | Noticed a kobold demonologist
  6980 | D:6      | Reached XP level 8. HP: 43/43 MP: 2/14
  7096 | D:6      | Reached ** piety under Sif Muna
  7891 | D:7      | Noticed Maggie
  7920 | D:7      | Killed Maggie
  7921 | D:7      | Reached skill level 5 in Dodging
  8304 | D:7      | Identified the +0 sling of the Blue God {elec, Int+2}
  8339 | D:7      | Shot with an arrow by a centaur

Illustrated notes

Levels and vault maps discovered:
D:1:      eino_arrival_cavern_d, layout_basic
D:2:      minmay_evil_eye, layout_loops_ring,
          ebering_ecumenical_altar_sacrificial
D:3:      cheibrodos_fertilizer, layout_loops_cross, grunt_ministairs_7
D:4:      layout_basic, minmay_temple_entry_stoned_glass, gammafunk_ghost_grave
D:5:      layout_loops_ring, nicolae_wu_jian_glorious_leap, enter_ossuary_1
D:6:      corexii_shack_village, layout_gridville,
          gammafunk_ghost_nasty_kobolds, grunt_ministairs_5
D:7:      minmay_inner_zag, layout_layer_cave, tgw_xom, uniq_maggie
Temple:   nicolae_temple_bog_church

Skill      XL: |  1  2  3  4  5  6  7  8 |
---------------+-------------------------+-----
Translocations | 1 2 3 4 5 |  5.0
Conjurations   | 5 6 7 9 |  9.0
Dodging        | 3 5 |  5.8
Fighting       | 1 3 |  3.5
Armour         | 1 3 |  3.4
Stealth        | |  2.4
Spellcasting   | |  3.0

Action                     |  1- 3 |  4- 6 |  7- 9 || total
---------------------------+-------+-------+-------++-------
  Melee: Dagger            |       |     3 |       ||     3
         Staff             |       |     4 |     6 ||    10
         Punch             |       |     1 |       ||     1
   Cast: Magic Dart        |    75 |    79 |    30 ||   184
         Searing Ray       |     6 |    20 |    29 ||    55
         Iskenderun's Myst |       |       |     5 ||     5
         Fulminant Prism   |       |       |     7 ||     7
    Use: Scroll            |       |     6 |     5 ||    11
         Potion            |       |       |     1 ||     1
 Armour: Robe              |     2 |    13 |     8 ||    23
         Steam dragon scal |       |       |     9 ||     9
  Dodge: Dodged            |     4 |    11 |    18 ||    33

Table legend: (Time is in decaauts)
 A = Elapsed time spent in this place.
 B = Non-inter-level travel time spent in this place.
 C = Inter-level travel time spent in this place.
 D = Time resting spent in this place.
 E = Time spent auto-exploring this place.
 F = Levels seen in this place.
 G = Mean time per level.
                   A        B        C        D        E       F      G
               +--------+--------+--------+--------+--------+-----+--------+
         Total |   8340 |   7962 |    378 |    435 |   6633 |   9 |  926.7 |
       Dungeon |   7722 |   7369 |    353 |    278 |   6310 |   7 | 1103.1 |
        Temple |     26 |      1 |     25 |      0 |      0 |   1 |   26.0 |
       Ossuary |    590 |    590 |      0 |    157 |    323 |   1 |  590.0 |
               +--------+--------+--------+--------+--------+-----+--------+

Top non-repeatable levels by time:
     D:4: 1516 daAuts
     D:6: 1367 daAuts
     D:3: 1187 daAuts
     D:1: 1165 daAuts
     D:5: 945 daAuts
     D:2: 910 daAuts
     D:7: 628 daAuts
 Ossuary: 590 daAuts
  Temple: 26 daAuts
